 Dungeon Crawl Stone Soup version 0.31-a0-1099-g7fa767f3fe (webtiles) character file.

Game seed: 17981937501090111524

3318 Gargoyl the Cleaver (level 10, -6/61 HPs)
             Began as a Gargoyle Berserker on Dec 1, 2023.
             Was a Believer of Trog.
             Mangled by a manticore (14 damage)
             ... on level 7 of the Dungeon.
             The game lasted 00:09:20 (6965 turns).

Gargoyl the Cleaver (Gargoyle Berserker)            Turns: 6965, Time: 00:09:21

Health: -6/61      AC: 23    Str: 27    XL:     10   Next: 2%
Magic:  10/10      EV:  8    Int:  8    God:    Trog [**....]
Gold:   1301       SH:  0    Dex: 11    Spells: 9/9 levels left

rFire   . . .        f - +0 war axe
rCold   . . .        (no shield)
rNeg    + . .        l - +0 plate armour
rPois   ∞            i - +0 helmet
rElec   +            (no cloak)
rCorr   .            g - +0 pair of gloves "Zoekluin" {-Cast Str+4}
SInv    .            (no boots)
Will    ++...        (no amulet) Stlth
                     (no ring)
HPRegen 1.30/turn    (no ring)
MPRegen 0.12/turn

%: no spellcasting
@: mighty, strong-willed (expiring), spiked, on berserk cooldown, regenerating
(expiring), slowed, very slow
A: sickness immunity, AC +7, negative energy resistance 1, electricity
resistance, torment resistance 1, petrification resistance, wild magic 2
a: Renounce Religion, Berserk, Trog's Hand


You were on level 7 of the Dungeon.
You worshipped Trog.
Trog was pleased with you.
You visited 1 branch of the dungeon, and saw 7 of its levels.

You collected 1301 gold pieces.

Inventory:

Hand Weapons
 a - a +0 hand axe
 f - a +0 war axe (weapon)
 o - a +4 flail
Missiles
 j - 13 poisoned darts (quivered)
 k - a throwing net
Armour
 g - the +0 pair of gloves "Zoekluin" (worn) {-Cast Str+4}
   (You found it on level 2 of the Dungeon)

   Str+4:     It affects your strength (+4).
   -Cast:     It prevents spellcasting.
 i - a +0 helmet (worn)
 l - a +0 plate armour (worn)
Wands
 d - a wand of flame (29)
 e - a wand of mindburst (15)
Scrolls
 h - a scroll of identify
Potions
 b - a potion of lignification {unknown}
 c - 2 potions of curing
 m - 2 potions of might
 n - a potion of haste {unknown}


   Skills:
 + Level 6.8 Fighting
 + Level 9.9 Axes
 + Level 7.7 Armour
 + Level 2.5 Dodging
 + Level 0.4 Stealth


You had 9 spell levels left.
You didn't know any spells.
Your spell library was empty.

Dungeon Overview and Level Annotations

Branches:
Dungeon (7/15)             Temple (0/1) D:5

Altars:
Ashenzari
Dithmenos
Elyvilon
Kikubaaqudgha
Okawaru
Ru
Trog
Uskayaw
Vehumet
Wu Jian
The Shining One


Innate Abilities, Weirdness & Mutations

You are immune to sickness and miasma.
Your stone body is resilient. (AC +7)
You are immune to poison.
You resist negative energy. (rN+)
You are resistant to electric shocks. (rElec)
You are resistant to unholy torment.
You are immune to petrification.
Your spells are harder to cast, but more powerful.


Message History

Your skin stops crawling.
You feel less strong-willed.
Jotaen's ghost hits you but does no damage.
Jotaen's ghost misses you.
You closely miss jotaen's ghost.
Jotaen's ghost is severely damaged.
Jotaen's ghost hits you.
You don't know any spells.
Your skin crawls.
You feel strong-willed.
Jotaen's ghost hits you but does no damage. x2
You barely miss jotaen's ghost.
Jotaen's ghost is severely damaged.
Jotaen's ghost hits you but does no damage.
You slice jotaen's ghost!!
You destroy jotaen's ghost!
Trog accepts your kill.
The manticore flicks its tail.
The volley of spikes hits you!
The barbed spikes become lodged in your body.
You have reached level 10!
You slice the manticore!!
The manticore is heavily wounded.
The manticore bites you. The manticore claws you.
The manticore barely misses you.
You hit the manticore but do no damage.
The manticore is heavily wounded.
The manticore bites you but does no damage.
The manticore closely misses you. The manticore barely misses you.
The manticore bites you!
* * * LOW HITPOINT WARNING * * *
The manticore barely misses you. The manticore claws you.
* * * LOW HITPOINT WARNING * * *
You feel better. The manticore closely misses you. The manticore claws you!
* * * LOW HITPOINT WARNING * * *
The manticore claws you but does no damage.
You slash the manticore!
The manticore is severely wounded.
You feel the effects of Trog's Hand fading.
The manticore bites you!
You die...

####....####.#.#.# #.#
#....#......#.# #.#
#....#.##.###.# #.#
#....#.##.#...###.#
####.................##########
..................###........<#
.......#########..# #.#########
)......#.......#..# #.#
.......#.......#@.# #.#####
.......#./.....H)(###.....#
.......#.[.....'...######.#
.......#.......'...# #.#
...(#..#.......#...######.#
....#..#.......#..........#
....#..#########..############
....#.............##########.#
#####........................#


You could see a manticore.

Vanquished Creatures
  A cyclops (D:7)
  The ghost of jotaen the Poker, a novice MiFi of Okawaru (D:7)
  A wyvern (D:5)
  3 water moccasins (D:7)
  An orc warrior (D:7)
  An ice beast (D:5)
  3 black bears
  5 ogres
  A kobold brigand (D:7)
  Blork the orc (D:5)
  A bullfrog (D:6)
  2 scorpions
  2 wights (D:7)
  A killer bee (D:7)
  4 electric eels (D:7)
  3 hounds
  A jelly (D:7)
  An orc priest (D:3)
  3 iguanas
  Natasha (twice) (D:2)
  3 orc wizards (D:6)
  13 gnolls
  7 adders
  A shadow imp (D:6)
  2 white imps (D:5)
  4 ufetubi
  3 worms
  2 dart slugs
  18 orcs
  8 ball pythons
  4 endoplasms
  4 giant cockroaches
  6 hobgoblins
  7 bats
  3 frilled lizards
  12 goblins
  10 kobolds
  4 rats
149 creatures vanquished.

Vanquished Creatures (others)
  A human (D:6)
1 creature vanquished.

Grand Total: 150 creatures vanquished

Notes
Turn   | Place    | Note
-------+----------+-------------------------------------------
     0 | D:1      | Gargoyl the Gargoyle Berserker began the quest for the Orb.
     0 | D:1      | Reached XP level 1. HP: 14/14 MP: 1/1
   113 | D:1      | Reached XP level 2. HP: 19/19 MP: 2/2
   165 | D:1      | Reached skill level 3 in Axes
   525 | D:1      | Reached XP level 3. HP: 19/24 MP: 3/3
   613 | D:1      | Reached ** piety under Trog
  1099 | D:2      | Reached XP level 4. HP: 10/29 MP: 4/4
  1298 | D:2      | Noticed Natasha
  1313 | D:2      | Killed Natasha
  1556 | D:2      | Noticed Natasha
  1563 | D:2      | Killed Natasha
  1564 | D:2      | Reached skill level 4 in Axes
  1564 | D:2      | Reached XP level 5. HP: 33/33 MP: 5/5
  1601 | D:2      | Identified the +0 pair of gloves "Zoekluin" {-Cast Str+4}
  1770 | D:3      | Found a bloodstained altar of Trog.
  1980 | D:3      | Found a radiant altar of Vehumet.
  2217 | D:3      | Found an ornate altar of the Wu Jian Council.
  2335 | D:3      | Identified the +0 chain mail of the Tormentor {rF+ rC+
                  | Will+}
  2673 | D:4      | Noticed an ogre
  2679 | D:4      | Killed an ogre
  2680 | D:4      | Reached XP level 6. HP: 38/38 MP: 6/6
  2687 | D:4      | Reached skill level 5 in Axes
  2965 | D:4      | Found a sacrificial altar of Ru.
  3358 | D:4      | Identified a scroll of acquirement
  3358 | D:4      | Acquired 883 gold pieces
  3508 | D:4      | Found a hide-covered altar of Uskayaw.
  3607 | D:5      | Entered Level 5 of the Dungeon
  3781 | D:5      | Reached XP level 7. HP: 43/43 MP: 7/7
  3793 | D:5      | Found a staircase to the Ecumenical Temple.
  3869 | D:5      | Noticed a wyvern
  3878 | D:5      | Killed a wyvern
  3879 | D:5      | Reached skill level 6 in Axes
  4274 | D:5      | Noticed Blork the orc
  4285 | D:5      | Reached XP level 8. HP: 48/48 MP: 8/8
  4287 | D:5      | Killed Blork the orc
  4288 | D:5      | Reached skill level 5 in Armour
  4408 | D:5      | Reached skill level 7 in Axes
  4458 | D:5      | Found a broken altar of Ashenzari.
  4462 | D:5      | Saw a vision of the Swamp and the Snake Pit.
  4462 | D:5      | Noticed a goliath frog
  4462 | D:5      | Noticed a goliath frog
  4462 | D:5      | Noticed a black mamba
  4462 | D:5      | Noticed a mana viper
  4463 | D:5      | Noticed a naga mage
  4540 | D:5      | Found a shadowy altar of Dithmenos.
  4613 | D:5      | Reached skill level 5 in Fighting
  4730 | D:5      | Found a glowing golden altar of the Shining One.
  4756 | D:5      | Found a white marble altar of Elyvilon.
  5005 | D:6      | Gained mutation: Your spells are a little harder to cast,
                  | but a little more powerful. [potion of mutation]
  5005 | D:6      | Gained mutation: Your spells are harder to cast, but more
                  | powerful. [potion of mutation]
  5174 | D:6      | Found an ancient bone altar of Kikubaaqudgha.
  5371 | D:6      | Found an iron altar of Okawaru.
  5418 | D:6      | Reached skill level 8 in Axes
  5877 | D:7      | Reached XP level 9. HP: 50/55 MP: 9/9
  6076 | D:7      | Noticed jotaen's ghost (novice MiFi)
  6076 | D:7      | Noticed a manticore
  6076 | D:7      | Noticed a cyclops
  6077 | D:7      | Found a runed translucent gate.
  6082 | D:7      | Found a runed translucent gate.
  6082 | D:7      | Found a runed translucent gate.
  6243 | D:7      | Reached *** piety under Trog
  6344 | D:7      | Reached skill level 9 in Axes
  6945 | D:7      | Killed a cyclops
  6961 | D:7      | Killed jotaen's ghost
  6962 | D:7      | Reached XP level 10. HP: 23/61 MP: 10/10
  6965 | D:7      | Mangled by a manticore

Illustrated notes

Levels and vault maps discovered:
D:1:      eino_arrival_cavern_b, layout_rooms, minmay_worlds_worst_comb
D:2:      layout_loops_corners, uniq_natasha
D:3:      layout_basic, bloody_trog, mainiacjoe_overflow_six_doors_small,
          nicolae_vehumet_radiance
D:4:      minmay_inner_zag, layout_cave_pods, marbit_many_paths,
          old_standard_altar
D:5:      layout_basic, nicolae_tso_swordbearing_angel, lemuel_crystal_altar,
          grunt_ashenzari_visionary [grunt_ashenzari_visionary_swamp,
          grunt_ashenzari_visionary_snake], mainiacjoe_overflow_cross_hatched,
          minmay_temple_entry_poolview, minmay_misc_feat_doors,
          minmay_misc_feat_encased, uniq_blork_the_orc
D:6:      layout_basic, okawaru_metal_pillars_1_2, tgw_kikubaaqudgha
D:7:      layout_basic, gammafunk_ghost_split, minmay_misc_feat_square,
          serial_bayou_lagoon_b

Skill      XL: |  1  2  3  4  5  6  7  8  9 |
---------------+----------------------------+-----
Axes           | 3 4 5 6 8 9 |  9.9
Fighting       | 4 6 |  6.8
Armour         | 3 4 6 7 |  7.7
Dodging        | 2 |  2.5
Stealth        | |  0.4

Action                     |  1- 3 |  4- 6 |  7- 9 | 10-12 || total
---------------------------+-------+-------+-------+-------++-------
  Melee: Hand axe          |   136 |    35 |       |       ||   171
         War axe           |       |   130 |   259 |     3 ||   392
         Punch             |       |     3 |     2 |       ||     5
 Invoke: Berserk           |     2 |     4 |     8 |       ||    14
         Trog's Hand       |       |       |     5 |       ||     5
    Use: Scroll            |     4 |     5 |     5 |       ||    14
         Potion            |       |       |     2 |     1 ||     3
 Armour: Animal skin       |    32 |       |       |       ||    32
         Chain mail        |    98 |   174 |    76 |       ||   348
         Plate armour      |       |       |   240 |     8 ||   248
  Dodge: Dodged            |    80 |    97 |   125 |     5 ||   307

Table legend: (Time is in decaauts)
 A = Elapsed time spent in this place.
 B = Non-inter-level travel time spent in this place.
 C = Inter-level travel time spent in this place.
 D = Time resting spent in this place.
 E = Time spent auto-exploring this place.
 F = Levels seen in this place.
 G = Mean time per level.
                   A        B        C        D        E       F      G
               +--------+--------+--------+--------+--------+-----+--------+
         Total |   7203 |   7033 |    170 |    119 |   5271 |   7 | 1029.0 |
       Dungeon |   7203 |   7033 |    170 |    119 |   5271 |   7 | 1029.0 |
               +--------+--------+--------+--------+--------+-----+--------+

Top non-repeatable levels by time:
     D:5: 1438 daAuts
     D:7: 1175 daAuts
     D:4: 1067 daAuts
     D:2: 1002 daAuts
     D:6: 874 daAuts
     D:3: 859 daAuts
     D:1: 785 daAuts
